 Dungeon Crawl Stone Soup version 0.26-a0-651-gb41185065b (webtiles) character file.

Game seed: 2874428404518466829

4 kae the Vandal (level 1, 0/14 HPs)
             Began as a Halfling Hunter on Oct 15, 2020.
             Killed from afar by a dart slug (7 damage)
             ... with a slug dart
             ... on level 1 of the Dungeon.
             The game lasted 00:00:13 (165 turns).

kae the Vandal (Halfling Hunter)                     Turns: 165, Time: 00:00:13

Health: 0/14       AC:  3    Str: 13    XL:     1   Next: 66%
Magic:  1/1        EV: 14    Int:  9    God:
Gold:   38         SH:  0    Dex: 14    Spells: 0/0 levels left

rFire    . . .     SeeInvis .   b - +0 short sword
rCold    . . .     Faith    .   (shield restricted)
rNeg     . . .     Spirit   .   c - +0 leather armour
rPois    .         Reflect  .   (no helmet)
rElec    .         Harm     .   (no cloak)
rCorr    .         Rampage  .   (no gloves)
MR       .....                  (no boots)
Stlth    +.........             (no amulet)
HPRegen  0.04/turn              (no ring)
MPRegen  0.07/turn              (no ring)

@: no status effects
A: small, mutation resistance 1
a: no special abilities


You were on level 1 of the Dungeon.
You visited 1 branch of the dungeon, and saw 1 of its levels.

You collected 38 gold pieces.

Inventory:

Hand Weapons
 a - a +1 hunting sling
 b - a +0 short sword (weapon)
Missiles
 d - 20 sling bullets
 e - 19 stones (quivered)
Armour
 c - a +0 leather armour (worn)
Jewellery
 h - an uncursed ring of magical power {unknown}
Scrolls
 g - a scroll of amnesia {unknown}
 k - a scroll of remove curse {unknown}
Potions
 f - a potion of lignification {unknown}
 i - a potion of magic {unknown}
 j - a potion of brilliance {unknown}


   Skills:
 - Level 1.7 Fighting
 + Level 6.2 Slings
 - Level 2.1 Dodging
 - Level 1.1 Stealth


You couldn't memorise any spells.
You didn't know any spells.
Your spell library was empty.

Dungeon Overview and Level Annotations

Branches:
Dungeon (1/15)

Altars:


Innate Abilities, Weirdness & Mutations

You are small and have problems with some larger weapons.
You are somewhat resistant to further mutation.


Message History

A bat and a dart slug come into view.
There are monsters nearby!
There are monsters nearby!
There are monsters nearby!
The dart slug bites you.
You hit the dart slug but do no damage. The dart slug launches a dart at you.
The slug dart hits you.
You are too injured to fight recklessly!
You are too injured to fight recklessly!
You are too injured to fight recklessly!
You are too injured to fight recklessly!
You are too injured to fight recklessly!
You are too injured to fight recklessly!
You hit the dart slug.
The dart slug is lightly wounded.
The dart slug launches a dart at you. The slug dart hits you!
Ouch! That really hurt!
You die...

#.# #.# ..# #.###
#.# ##...#### #b#
........# #.#
##...##.## #.##
##...#...# #..
.....#.#.## #w#
##.#......######@#
#.#.............#
#.##.....######.#
##.##............#
...##.#.##########
......#.#
#######.# #.# #.#


You could see a dart slug and a bat (asleep).

Vanquished Creatures
  A leopard gecko (D:1)
  A goblin (D:1)
  2 rats (D:1)
4 creatures vanquished.

Notes
Turn   | Place    | Note
-------+----------+-------------------------------------------
     0 | D:1      | kae the Halfling Hunter began the quest for the Orb.
     0 | D:1      | Reached XP level 1. HP: 14/14 MP: 1/1
    66 | D:1      | Reached skill level 6 in Slings
   165 | D:1      | Killed from afar by a dart slug

Illustrated notes

Levels and vault maps discovered:
D:1:      lemuel_arrival_river_ford, layout_loops_ring

Skill      XL: |  1 |
---------------+----+-----
Slings         | 6 |  6.2
Fighting       | |  1.7
Dodging        | |  2.1
Stealth        | |  1.1

Action                   || total
-------------------------++-------
Melee: Short sword       ||     9
 Fire: Hunting sling     ||    10
Dodge: Dodged            ||    10

Table legend: (Time is in decaauts)
 A = Elapsed time spent in this place.
 B = Non-inter-level travel time spent in this place.
 C = Inter-level travel time spent in this place.
 D = Time resting spent in this place.
 E = Time spent auto-exploring this place.
 F = Levels seen in this place.
 G = Mean time per level.
                   A        B        C        D        E       F      G
               +--------+--------+--------+--------+--------+-----+--------+
         Total |    167 |    167 |      0 |      0 |    133 |   1 |  167.0 |
       Dungeon |    167 |    167 |      0 |      0 |    133 |   1 |  167.0 |
               +--------+--------+--------+--------+--------+-----+--------+

Top non-repeatable levels by time:
     D:1: 167 daAuts
